 Dungeon Crawl Stone Soup version 0.30.0-29-ga12c61a403 (webtiles) character file.

Game seed: 10379073723907053240

39 ChadusMaximus the Shield-Bearer (level 3, 0/33 HPs)
             Began as a Minotaur Fighter on June 24, 2023.
             Slain by Jessica
             ... wielding a +0 dagger
              (3 damage)
             ... on level 2 of the Dungeon.
             The game lasted 00:00:33 (1052 turns).

ChadusMaximus the Shield-Bearer (Minotaur Fighter)  Turns: 1052, Time: 00:00:34

Health: 0/33       AC:  7    Str: 22    XL:     3   Next: 26%
Magic:  2/2        EV:  9    Int:  5    God:
Gold:   42         SH:  4    Dex:  9    Spells: 2/2 levels left

rFire   . . .        a - +0 war axe
rCold   . . .        c - +0 buckler
rNeg    . . .        b - +0 scale mail
rPois   .            (helmet restricted)
rElec   .            (no cloak)
rCorr   .            (no gloves)
SInv    .            (no boots)
Will    .....        (no amulet) Stlth
                     (no ring)
HPRegen 0.25/turn    (no ring)
MPRegen 0.08/turn

%: no passive effects
@: no status effects
A: horns 2, retaliatory headbutt
a: no special abilities


You were on level 2 of the Dungeon.
You visited 1 branch of the dungeon, and saw 2 of its levels.

You collected 42 gold pieces.

Inventory:

Hand Weapons
 a - a +0 war axe (weapon)
Armour
 b - a +0 scale mail (worn)
 c - a +0 buckler (worn)
Scrolls
 f - a scroll of fear {unknown}
 j - a scroll of identify {unknown}
 l - a scroll of enchant armour {unknown}
Potions
 d - a potion of might
 e - a potion of resistance {unknown}
 g - a potion of curing {unknown}
 h - a potion of heal wounds {unknown}
 i - a potion of degeneration {unknown}
 k - a potion of haste {unknown}


   Skills:
 + Level 4.1 Fighting
 - Level 2.7 Axes
 + Level 4.1 Armour
 + Level 4.2 Shields


You had 2 spell levels left.
You didn't know any spells.
Your spell library was empty.

Dungeon Overview and Level Annotations

Branches:
Dungeon (2/15)

Altars:

Annotations:
D:2 Jessica


Innate Abilities, Weirdness & Mutations

You have a pair of horns on your head.
You reflexively headbutt those who attack you in melee.


Message History

Jessica mumbles some strange words.
Jessica blinks!
Unknown command.
Jessica gestures wildly while chanting.
Jessica blinks!
Unknown command.
You completely miss Jessica. You headbutt Jessica.
Jessica is severely wounded.
Jessica hits you with a +0 dagger.
Jessica gestures wildly while chanting.
Jessica blinks!
You hit Jessica.
Jessica is almost dead.
Jessica gestures at you while chanting. Pain shoots through your body!
Jessica casts a spell.
Jessica blinks!
You are too injured to fight recklessly!
You are too injured to fight recklessly!
You are too injured to fight recklessly!
You are too injured to fight recklessly!
Unknown command.
Jessica is nearby!
You are too injured to fight recklessly!
Unknown command.
Jessica hits you with a +0 dagger.
* * * LOW HITPOINT WARNING * * *
You block Jessica's attack.
You hit Jessica but do no damage.
Jessica is almost dead.
Jessica hits you with a +0 dagger.
* * * LOW HITPOINT WARNING * * *
You barely miss Jessica.
Jessica is almost dead.
Jessica hits you with a +0 dagger.
* * * LOW HITPOINT WARNING * * *
Jessica hits you with a +0 dagger.
* * * LOW HITPOINT WARNING * * *
Jessica hits you with a +0 dagger.
You die...

#.#.............
..#####.#.##########.#
.....#.#.###......#.# #
#.........####.#.#
#.########.#.....## #.#..
#..........#####..###.###
#...........# ##..##.# #
........).).# ##.##.###
#.......@...# #.##.##.
#........@..# #.##.#..
#...........# ####....#.#
#...........# #.......>.#
#...........+..........##
#...........###........#
............+.....<....#
...........##########.#
########### #.#


You could see Jessica (fast).

Vanquished Creatures
  4 dart slugs (D:1)
  2 bats (D:1)
  3 giant cockroaches (D:1)
  2 goblins
  2 hobgoblins (D:1)
  3 quokkas (D:1)
  2 ball pythons (D:1)
  4 frilled lizards (D:1)
  6 kobolds
  2 rats (D:1)
30 creatures vanquished.

Notes
Turn   | Place    | Note
-------+----------+-------------------------------------------
     0 | D:1      | ChadusMaximus the Minotaur Fighter began the quest for the
                  | Orb.
     0 | D:1      | Reached XP level 1. HP: 19/19 MP: 0/0
   164 | D:1      | Reached XP level 2. HP: 26/27 MP: 1/1
   475 | D:1      | Reached XP level 3. HP: 33/33 MP: 2/2
  1034 | D:2      | Noticed Jessica
  1052 | D:2      | Slain by Jessica

Illustrated notes

Levels and vault maps discovered:
D:1:      saegor_arrival_simple_d, layout_loops_corners
D:2:      layout_basic, uniq_jessica

Skill      XL: |  1  2 |
---------------+-------+-----
Shields        | 4 |  4.2
Fighting       | 4 |  4.1
Armour         | 4 |  4.1
Axes           | |  2.7

Action                     || total
---------------------------++-------
  Melee: War axe           ||    63
         Headbutt          ||     8
 Armour: Scale mail        ||    21
  Dodge: Dodged            ||    19
  Block: Buckler           ||    14
